 Dungeon Crawl Stone Soup version 0.24.0-125-gc4c63601f3 (webtiles) character file.

Game seed: 4690515524467577775, levelgen mode: deterministic

62587 BuffBuff the Severer (level 14, -1/198 HPs)
             Began as a Minotaur Berserker on Mar 19, 2020.
             Was the Champion of Trog.
             Slain by an orc warlord
             ... wielding a +0 long sword
              (24 damage)
             ... on level 12 of the Dungeon.
             The game lasted 00:54:34 (16214 turns).

BuffBuff the Severer (Minotaur Berserker)          Turns: 16214, Time: 00:54:35

Health: -1/198     AC: 17    Str: 37    XL:     14   Next: 64%
Magic:  4/4        EV: 18    Int:  6    God:    Trog [******]
Gold:   1472       SH:  0    Dex: 11    Spells: 13/13 levels left

rFire    . . .     SeeInvis .   a - +3 executioner's axe (antimagic)
rCold    . . .     Gourm    .   (shield currently unavailable)
rNeg     . . .     Faith    .   C - +1 plate armour
rPois    .         Spirit   .   w - +1 hat {MR+}
rElec    +         Reflect  .   z - +0 cloak
rCorr    .         Harm     .   X - +0 pair of gloves "Laod" {rElec Str+6 Int+2 Dex-5} (curse)
MR       ++...                  (no boots)
Stlth    ..........             f - amulet of regeneration
HPRegen  0.83/turn              m - +3 ring of protection
MPRegen  0.09/turn              P - +5 ring of evasion

@: agile, berserking, extremely drained, very quick
A: retaliatory headbutt, horns 2
a: Berserk, Trog's Hand, Brothers in Arms, Renounce Religion


You were on level 12 of the Dungeon.
You worshipped Trog.
Trog was exalted by your worship.
You were hungry.

You visited 3 branches of the dungeon, and saw 20 of its levels.

You collected 1520 gold pieces.
You spent 48 gold pieces at shops.

Inventory:

Hand Weapons
 a - a +3 antimagic executioner's axe (weapon)
 b - a +0 whip of flaming
 A - the +9 war axe "Uloiq Teala" {vamp, Str+7 Dex+2}
   (You took it off an orc priest on level 11 of the Dungeon)

   It inflicts no extra harm, but heals its wielder when it wounds a living foe.
   It affects your strength (+7).
   It affects your dexterity (+2).
 I - a +3 broad axe of chopping
Missiles
 o - 7 curare-tipped darts (quivered)
 F - 102 poisoned darts
Armour
 r - a +1 hat
 w - a +1 hat of magic resistance (worn)
 z - a +0 cloak (worn)
 C - a +1 plate armour (worn)
 H - a +0 buckler
 X - the cursed +0 pair of gloves "Laod" (worn) {rElec Str+6 Int+2 Dex-5}
   (You found it on level 3 of the Lair of Beasts)

   It affects your strength (+6).
   It affects your intelligence (+2).
   It affects your dexterity (-5).
   It insulates you from electricity.
   It has a curse placed upon it.
Jewellery
 f - an amulet of regeneration (around neck)
 m - a +3 ring of protection (left hand)
 t - an uncursed ring of fire
 v - an uncursed ring of resist corrosion
 x - an uncursed ring of ice
 O - an uncursed ring of see invisible
 P - a +5 ring of evasion (right hand)
Wands
 e - a wand of iceblast (6)
 k - a wand of paralysis (8)
 q - a wand of digging (4)
 y - a wand of flame (66)
 B - a wand of enslavement (8)
 M - a wand of acid (29)
 U - a wand of random effects (27)
Scrolls
 i - 4 scrolls of magic mapping
 l - 6 scrolls of teleportation
 s - 2 scrolls of enchant weapon {unknown}
 u - a scroll of silence {unknown}
 D - 2 scrolls of blinking
 G - 6 scrolls of remove curse
 J - a scroll of fog
 V - 2 scrolls of enchant armour
Potions
 d - a potion of resistance
 g - 4 potions of heal wounds
 h - 9 potions of curing
 j - 2 potions of berserk rage
 p - 4 potions of lignification
 E - a potion of might
 K - a potion of invisibility
 N - a potion of flight
Comestibles
 c - 45 rations


   Skills:
 + Level 14.0(1.1) Fighting
 * Level 18.7(4.4) Axes
 + Level 13.8(1.0) Armour
 + Level 12.8(0.3) Dodging


You had 13 spell levels left.
You didn't know any spells.
Your spell library was empty.

Dungeon Overview and Level Annotations

Branches:
Dungeon (13/15)            Temple (0/1) D:5            Lair (6/6) D:10
  Swamp (0/4) Lair:2       Spider (0/4) Lair:4        Slime (0/5) Lair:5
    Orc (1/2) D:12
 Vaults: D:13-14

Altars:
Ashenzari
Dithmenos
Fedhas
Gozag
Hepliaklqana
Makhleb
Nemelex Xobeh
Qazlal
Ru
Sif Muna
Trog
Vehumet
Xom
Yredelemnul
Zin
Jiyva

Shops:
D:6 %   D:9 !   D:10 ((([   D:11 (

Portals:
Hell: Lair:6

Annotations:
D:12 Harold
Lair:3 2 transporters
Lair:4 3 runed translucent doors, Anoegro's ghost, journeyman MiFi


Innate Abilities, Weirdness & Mutations

You reflexively headbutt those who attack you in melee.
You have a pair of horns on your head.


Message History

Your plate armour prevents you from hitting the orc warrior.
You closely miss the orc knight.
Harold grumbles, "Just give up already, I want to go home!"
The orc warlord hits you with a +0 long sword!!
* * * LOW HITPOINT WARNING * * *
You closely miss the orc warlord. Your headbutt misses the orc warlord.
The orc warlord is moderately wounded.
You barely miss the orc warrior. You barely miss the orc knight.
The orc knight hits you with a +0 great sword!!
* * * LOW HITPOINT WARNING * * *
The orc warrior barely misses you.
The orc warlord hits you with a +0 long sword!
* * * LOW HITPOINT WARNING * * *
You slash the orc warlord! Your headbutt misses the orc warlord.
The orc warlord is moderately wounded.
You slice the orc warrior!! You barely miss the orc knight.
The orc warrior hits you but does no damage.
The orc knight barely misses you.
The orc warlord hits you with a +0 long sword!!
You die...

.#####.###.......((((#####
....##.# #.......(.....(.##
###....# ##..........###..#
..###..# #..........#....#
.......####............####
...(........[.........##
.......####.....@o...##
.......# #..).ooo...#
.......# ######@#####
.......# ### ########


You could see an orc warlord, Harold, an orc knight, an orc warrior and an orc.

Vanquished Creatures
  Rupert (Lair:6)
  Gastronok (Orc:1)
  Josephine (Lair:4)
  7 hydras
  4 death yaks (Lair:5)
  A two-headed ogre (D:11)
  Sonja (Lair:6)
  4 skeletal warriors (D:11)
  A sixfirhy (Lair:6)
  A wizard (Lair:6)
  A lindwurm (Lair:4)
  A deep elf mage (D:12)
  A wolf spider (Lair:4)
  An oklob plant (Lair:2)
  2 ugly things (D:12)
  2 cyclopes (D:11)
  A torpor snail (Lair:6)
  7 elephants
  6 black mambas
  Joseph (D:7)
  2 orange demons (Lair:6)
  5 gargoyles (D:11)
  14 spiny frogs
  5 rime drakes
  6 komodo dragons
  A hellwing (Lair:6)
  2 ice devils (Lair:6)
  2 jumping spiders (Lair:4)
  A queen bee (Lair:2)
  7 polar bears
  2 red devils (Lair:6)
  2 trolls
  11 hippogriffs
  14 blink frogs
  2 bog bodies (Lair:2)
  A vampire (D:9)
  A redback (Lair:4)
  3 wraiths (Lair:4)
  3 wyverns
  37 yaks
  7 basilisks
  A steam dragon (D:10)
  A warg (D:12)
  2 swamp worms (Lair:2)
  12 water moccasins
  4 hell hounds (Lair:6)
  An acid dragon (D:12)
  3 porcupines
  9 orc warriors
  2 ice beasts
  A hornet zombie (D:8)
  2 sky beasts (D:7)
  8 black bears (Lair:1)
  3 phantoms
  15 wolves
  9 centaurs
  2 ogres
  14 crocodiles
  14 bullfrogs
  3 big kobolds
  4 wyvern skeletons
  A scorpion (D:7)
  31 killer bees
  12 wights
  An electric eel (Lair:2)
  3 crimson imps
  A bullfrog zombie (D:8)
  4 jellies
  10 orc priests
  3 centaur skeletons
  3 centaur zombies
  Crazy Yiuf (D:7)
  2 bullfrog skeletons
  3 hounds
  7 iguanas
  A gnoll shaman (D:7)
  Ijyb (D:3)
  12 orc wizards
  7 hell rats (Lair:6)
  7 worker ants
  A hound skeleton (D:5)
  A worker ant zombie (D:9)
  A howler monkey skeleton (D:9)
  8 gnolls
  13 adders
  3 shadow imps
  7 oozes
  2 adder zombies
  A dart slug (D:3)
  2 leopard geckos
  56 orcs
  6 bats
  4 giant cockroaches
  6 hobgoblins
  8 jackals
  4 quokkas
  3 ball pythons
  2 frilled lizards
  2 goblins
  17 kobolds
  A leopard gecko skeleton (D:8)
  A leopard gecko zombie (D:7)
  2 rats
  A bush (Lair:2)
  4 fungi
  3 plants (Lair:6)
552 creatures vanquished.

Vanquished Creatures (others)
  2 fungi
  21 toadstools (Lair:2)
23 creatures vanquished.

Grand Total: 575 creatures vanquished

Notes
Turn   | Place    | Note
-------+----------+-------------------------------------------
     0 | D:1      | BuffBuff the Minotaur Berserker began the quest for the
                  | Orb.
     0 | D:1      | Reached XP level 1. HP: 19/19 MP: 0/0
   274 | D:1      | Reached skill level 4 in Axes
   274 | D:1      | Reached XP level 2. HP: 27/27 MP: 1/1
  1142 | D:2      | Reached XP level 3. HP: 33/33 MP: 2/2
  1182 | D:2      | Noticed an angel
  1183 | D:2      | Found a glowing silver altar of Zin.
  1290 | D:2      | Reached ** piety under Trog
  1528 | D:2      | Reached XP level 4. HP: 26/40 MP: 3/3
  1939 | D:3      | Found a shattered altar of Ashenzari.
  2083 | D:3      | Noticed Ijyb
  2094 | D:3      | Killed Ijyb
  2094 | D:3      | Reached skill level 5 in Axes
  2497 | D:4      | Reached XP level 5. HP: 44/47 MP: 4/4
  2977 | D:4      | Found a hazy altar of Hepliaklqana.
  3004 | D:5      | Entered Level 5 of the Dungeon
  3038 | D:5      | Found a sacrificial altar of Ru.
  3429 | D:5      | Found a bloodstained altar of Trog.
  3429 | D:5      | Found a shimmering blue altar of Sif Muna.
  3429 | D:5      | Found a basalt altar of Yredelemnul.
  3466 | D:5      | Reached XP level 6. HP: 54/55 MP: 5/5
  3629 | D:5      | Found a staircase to the Ecumenical Temple.
  3675 | D:6      | Reached skill level 6 in Axes
  3682 | D:6      | Reached skill level 5 in Fighting
  3796 | D:6      | Noticed an orc warrior
  3813 | D:6      | Killed an orc warrior
  3847 | D:6      | Found Qoul's Food Emporium.
  3860 | D:6      | Reached XP level 7. HP: 61/61 MP: 6/6
  3867 | D:6      | Reached skill level 7 in Axes
  3928 | D:6      | Reached *** piety under Trog
  4030 | D:6      | Reached skill level 5 in Armour
  4185 | D:6      | Found a blossoming altar of Fedhas.
  4362 | D:6      | Reached skill level 8 in Axes
  4362 | D:6      | Reached skill level 5 in Dodging
  4362 | D:6      | Reached XP level 8. HP: 55/70 MP: 7/7
  4849 | D:7      | Found a sparkling altar of Nemelex Xobeh.
  4850 | D:7      | Found an opulent altar of Gozag.
  4912 | D:7      | Noticed Joseph
  4928 | D:7      | Killed Joseph
  4928 | D:7      | Reached skill level 9 in Axes
  4990 | D:7      | Noticed a hippogriff
  4999 | D:7      | Killed a hippogriff
  5055 | D:7      | Reached XP level 9. HP: 77/79 MP: 8/8
  5335 | D:7      | Reached **** piety under Trog
  5435 | D:7      | Found a runed translucent door.
  5436 | D:7      | Noticed Crazy Yiuf
  5568 | D:7      | Reached skill level 10 in Axes
  5728 | D:7      | Killed Crazy Yiuf
  6074 | D:8      | Found a radiant altar of Vehumet.
  6164 | D:8      | Reached skill level 11 in Axes
  6212 | D:8      | Reached XP level 10. HP: 81/90 MP: 9/9
  6215 | D:8      | Reached ***** piety under Trog
  6596 | D:9      | Identified a scroll of acquirement
  6657 | D:9      | Found a shadowy altar of Dithmenos.
  6913 | D:9      | Reached skill level 12 in Axes
  6978 | D:9      | Found a shimmering altar of Xom.
  7243 | D:9      | Found Naehiept's Distillery.
  7251 | D:9      | Bought a potion of agility for 48 gold pieces
  7514 | D:10     | Entered Level 10 of the Dungeon
  7541 | D:10     | Found Imoruuz's Antique Weapon Shoppe.
  7553 | D:10     | Found Daxuh's Antique Weapon Shop.
  7566 | D:10     | Found a staircase to the Lair.
  7737 | D:10     | Found Ymekle's Armour Emporium.
  7923 | D:10     | Found Paliufuh's Weapon Emporium.
  8138 | D:10     | You fall into a shaft and drop 3 floors!
  8177 | D:11     | Noticed a skeletal warrior
  8352 | D:11     | Noticed a cyclops
  8364 | D:11     | Killed a cyclops
  8364 | D:11     | Reached skill level 13 in Axes
  8364 | D:11     | Reached XP level 11. HP: 95/99 MP: 10/10
  8447 | D:11     | Noticed a skeletal warrior
  8448 | D:11     | Noticed a skeletal warrior
  8459 | D:11     | Killed a skeletal warrior
  8459 | D:11     | Reached skill level 10 in Fighting
  8460 | D:11     | Killed a skeletal warrior
  8496 | D:11     | Noticed a skeletal warrior
  8510 | D:11     | Killed a skeletal warrior
  8525 | D:11     | Killed a skeletal warrior
  8525 | D:11     | Reached skill level 10 in Armour
  8629 | D:11     | Found Onent's Antique Weapon Shoppe.
  8684 | D:11     | Identified the +9 war axe "Uloiq Teala" {vamp, Str+7 Dex+2}
  9073 | D:11     | Reached skill level 14 in Axes
  9175 | D:11     | Received a gift from Trog
  9186 | D:11     | Noticed a two-headed ogre
  9190 | D:11     | Killed a two-headed ogre
  9336 | D:12     | Noticed a red ugly thing
  9413 | D:12     | Noticed a deep elf mage
  9420 | D:12     | Killed a deep elf mage
  9448 | D:12     | Noticed a brown ugly thing
  9458 | D:12     | Killed a brown ugly thing
  9579 | D:12     | Killed a red ugly thing
  9579 | D:12     | Reached XP level 12. HP: 92/110 MP: 11/11
  9659 | D:12     | Found a staircase to the Orcish Mines.
  9762 | Lair:1   | Entered Level 1 of the Lair of Beasts
  9816 | Lair:1   | Found a stormy altar of Qazlal.
 10030 | Lair:1   | Reached skill level 10 in Dodging
 10121 | Lair:1   | Reached skill level 15 in Axes
 10915 | Lair:2   | Found a blossoming altar of Fedhas.
 11056 | Lair:2   | Noticed an eight-headed hydra
 11064 | Lair:2   | Killed an eight-headed hydra
 11247 | Lair:2   | Found a staircase to the Swamp.
 11356 | Lair:2   | Received a gift from Trog
 11364 | Lair:2   | Reached ****** piety under Trog
 11364 | Lair:2   | Reached skill level 16 in Axes
 11499 | Lair:2   | Reached XP level 13. HP: 118/118 MP: 12/12
 11706 | Lair:3   | Found a transporter.
 11734 | Lair:3   | Found a transporter.
 11898 | Lair:3   | Got a pair of warped gloves
 11908 | Lair:3   | Identified the cursed +0 pair of gloves "Laod" {rElec Str+6
                  | Int+2 Dex-5} (You found it on level 3 of the Lair of
                  | Beasts)
 12809 | Lair:4   | Found a runed translucent gate.
 12809 | Lair:4   | Found a runed translucent gate.
 12809 | Lair:4   | Found a runed translucent gate.
 12812 | Lair:4   | Noticed Anoegro's ghost (journeyman MiFi)
 13112 | Lair:4   | Found a hole to the Spider Nest.
 13247 | Lair:4   | Noticed Josephine
 13253 | Lair:4   | Killed Josephine
 13261 | Lair:4   | Reached skill level 17 in Axes
 13319 | Lair:4   | Found a viscous altar of Jiyva.
 13820 | Lair:5   | Received a gift from Trog
 13872 | Lair:5   | Found a staircase to the Slime Pits.
 14189 | Lair:6   | Entered Level 6 of the Lair of Beasts
 14205 | Lair:6   | Reached XP level 14. HP: 125/129 MP: 4/13
 14413 | Lair:6   | Noticed Rupert
 14425 | Lair:6   | Reached skill level 18 in Axes
 14432 | Lair:6   | Killed Rupert
 14649 | Lair:6   | Received a gift from Trog
 14714 | Lair:6   | Found a burning altar of Makhleb.
 14733 | Lair:6   | Found a gateway to Hell.
 15020 | Lair:6   | Noticed Sonja
 15060 | Lair:6   | Killed Sonja
 15603 | Orc:1    | Entered Level 1 of the Orcish Mines
 15603 | Orc:1    | Found a shimmering altar of Xom.
 15603 | Orc:1    | Noticed Gastronok
 15624 | Orc:1    | Killed Gastronok
 15959 | Orc:1    | Noticed an orc warlord
 16022 | Orc:1    | Noticed Harold
 16031 | Orc:1    | HP: 6/132 [orc warlord/+0 long sword (30)]
 16214 | D:12     | Slain by an orc warlord

Levels and vault maps discovered:
D:1:      matt_arrival_diagonals, layout_basic, chequers_serial_rivers_room_b
D:2:      layout_loops_corners, zin_angel, grunt_decor_arrowhead,
          kennysheep_generic_room_3
D:3:      layout_loops_cross, evilmike_ruin_ashenzari, first_ration, uniq_ijyb
D:4:      layout_gridville, lemuel_coloured_pillars_altar
D:5:      layout_loops_ring, gammafunk_temple_overflow_forgotten,
          minmay_temple_entry_gardened_gates, nicolae_ru_awakened_eye
D:6:      layout_loops_cross, overflow_temple_1_default, serial_shops, shop,
          roderic_serpentine_path, mrwooster_statue_mirror
D:7:      layout_basic, grunt_temple_overflow_opulence, uniq_joseph,
          uniq_crazy_yiuf_cottage
D:8:      layout_rooms, nicolae_overflow_crystal_walls
D:9:      layout_stronghold, lemuel_crystal_altar,
          nicolae_dithmenos_the_darkroom, serial_shops, shop
D:10:     layout_irregular_city, lair_entry_dummy, serial_shops,
          nicolae_shop_window_shopping, shop_fountains,
          nicolae_shop_behind_doors, shop, st_stairs_3
D:11:     cheibrodos_statue_roulette, layout_long_grid, serial_shops, shop
D:12:     layout_rooms, orc_0_dummy, blue_anna_alchemist
          [blue_anna_fruit_fields, blue_anna_fruit_fields]
D:13:     layout_stronghold
Lair:1:   beast_lair_carwin_large_4, layout_gridlike, basic_altar,
          grunt_megastairs_5
Lair:2:   regret_index_combs_of_tragedy, layout_regular_city,
          nicolae_swamp_entry_splash_gauntlet, tgw_fedhas, lemuel_fruit_tree
Lair:3:   gammafunk_cloud_chamber, layout_layer_cave
Lair:4:   layout_roguey, spider_nest_entry_funnel_web, gammafunk_ghost_ooze,
          uniq_josephine
Lair:5:   layout_hall_layers, nicolae_slime_entry_slimehenge,
          infiniplex_staircase_pool_2, grunt_megastairs_4
Lair:6:   evil_forest, layout_hall_layers, hibernation_bobbens, uniq_sonja,
          uniq_rupert
Orc:1:    orc_temple, layout_caves, basic_altar, minmay_orc_temple_c,
          uniq_harold, uniq_gastronok

Skill      XL: |  1  2  3  4  5  6  7  8  9 10 11 12 13 14 |
---------------+-------------------------------------------+-----
Axes           | 4 5 6 8 9 11 13 14 16 17 18 | 18.7
Fighting       | 4 5 6 7 8 9 11 12 13 14 | 14.0
Armour         | 3 4 5 6 8 9 10 11 13 | 13.8
Dodging        | 3 4 5 6 7 8 9 11 12 | 12.8

Action                   |  1- 3 |  4- 6 |  7- 9 | 10-12 | 13-15 || total
-------------------------+-------+-------+-------+-------+-------++-------
Melee: Hand axe          |    67 |   116 |       |       |       ||   183
       Headbutt          |    10 |    21 |    47 |   136 |   103 ||   317
       War axe           |       |     2 |   183 |   306 |   158 ||   649
       Battleaxe         |       |       |    73 |   135 |       ||   208
       Broad axe         |       |       |       |    99 |       ||    99
       Whip              |       |       |       |     2 |    48 ||    50
       Executioner's axe |       |       |       |       |   229 ||   229
Throw: Dart              |       |       |       |       |    12 ||    12
Invok: Berserk           |       |       |     2 |     3 |     3 ||     8
  Use: Scroll            |       |     3 |       |    16 |    12 ||    31
       Potion            |       |       |       |       |     5 ||     5
  Eat: Chunk             |     2 |     7 |    10 |    20 |    14 ||    53
       Ration            |       |       |       |       |     1 ||     1
Armor: Animal skin       |     5 |       |       |       |       ||     5
       Leather armour    |    11 |       |       |       |       ||    11
       Ring mail         |    12 |    18 |       |       |       ||    30
       Scale mail        |       |    36 |       |       |       ||    36
       Plate armour      |       |     7 |   150 |   274 |   400 ||   831
Dodge: Dodged            |    42 |    61 |   115 |   238 |   505 ||   961
Block: Buckler           |       |    13 |    19 |    36 |    19 ||    87
